 Dungeon Crawl Stone Soup version 0.31.0-11-ge490571c62 (webtiles) character file.

Game seed: 16876249370973480441

478 groovy9 the Slasher (level 6, -9/57 HPs)
             Began as a Minotaur Fighter on Jan 26, 2024.
             Mangled by an ogre
             ... wielding a +0 giant spiked club
              (16 damage)
             ... on level 5 of the Dungeon.
             The game lasted 00:09:12 (2884 turns).

groovy9 the Slasher (Minotaur Fighter)              Turns: 2884, Time: 00:09:12

Health: -9/57      AC: 11    Str: 20    XL:     6   Next: 86%
Magic:  5/5        EV:  7    Int: 11    God:
Gold:   163        SH:  4    Dex: 12    Spells: 5/5 levels left

rFire   . . .        a - +1 long sword
rCold   . . .        c - +0 buckler
rNeg    . . .        m - +0 chain mail
rPois   .            (helmet restricted)
rElec   .            j - +0 cloak
rCorr   .            e - +0 pair of gloves
SInv    .            (no boots)
Will    .....        (no amulet) Stlth
                     l - +6 ring of intelligence
HPRegen 0.29/turn    (no ring)
MPRegen 0.09/turn

%: no passive effects
@: no status effects
A: horns 2, retaliatory headbutt
a: no special abilities


You were on level 5 of the Dungeon.
You visited 1 branch of the dungeon, and saw 5 of its levels.

You collected 163 gold pieces.

Inventory:

Hand Weapons
 a - a +1 long sword (weapon)
Armour
 c - a +0 buckler (worn)
 e - a +0 pair of gloves (worn)
 j - a +0 cloak (worn)
 m - a +0 chain mail (worn)
Jewellery
 l - a +6 ring of intelligence (left hand)
Scrolls
 d - 2 scrolls of torment
 f - a scroll of identify
 g - a scroll of immolation
 h - a scroll of noise
 i - a scroll of enchant weapon
Potions
 k - a potion of brilliance
 n - a potion of resistance


   Skills:
 + Level 6.2 Fighting
 * Level 7.4 Long Blades
 - Level 3.6 Armour
 - Level 3.6 Shields


You had 5 spell levels left.
You didn't know any spells.
Your spell library contained the following spells:

 Spells                   Type           Power      Damage    Failure   Level
 Sandblast                Erth           0%         2d4       97%         1
 Passwall                 Erth           0%         N/A       100%        3
 Stone Arrow              Conj/Erth      0%         3d7       100%        3
 Brom's Barrelling Bould  Conj/Erth      0%         2d3       100%        4


Dungeon Overview and Level Annotations

Branches:
Dungeon (5/15)
 Temple: D:4-7

Altars:

Shops:
D:2 :   D:3 [(=

Annotations:
D:4 1 runed translucent door, groovy9's ghost, amateur MiFi


Innate Abilities, Weirdness & Mutations

You have a pair of horns on your head.
You reflexively headbutt those who attack you in melee.


Message History

You finish putting on your +0 chain mail.
You drop a +0 scale mail.
Search for what [Enter for "."]? .
There is a stone staircase leading down here.
You climb downwards.
The ogre shouts!
There is a stone staircase leading up here.
An ogre is nearby!
You hit the ogre but do no damage. The ogre barely misses you.
You hit the ogre.
The ogre is lightly wounded.
You hit the ogre.
The ogre is heavily wounded.
The ogre hits you with a +0 giant spiked club!!
You are too injured to fight recklessly!
You are too injured to fight recklessly!
You are too injured to fight recklessly!
You are too injured to fight recklessly!
You are too injured to fight recklessly!
You are too injured to fight recklessly!
You are too injured to fight recklessly!
You are too injured to fight recklessly!
You are too injured to fight recklessly!
You are too injured to fight recklessly!
You are too injured to fight recklessly!
You closely miss the ogre.
The ogre is heavily wounded.
The ogre hits you with a +0 giant spiked club!!
Ouch! That really hurt!
* * * LOW HITPOINT WARNING * * *
Okay, then.
You hit the ogre.
The ogre is heavily wounded.
The ogre barely misses you.
You barely miss the ogre.
The ogre is heavily wounded.
You barely miss the ogre.
The ogre is heavily wounded.
The ogre hits you with a +0 giant spiked club!
You die...

### ##..
#...##
#....####
#.......#####
#...........
#..O....#
#..@..#
##..<## #..##
#.## #. ##


You could see an ogre.

Vanquished Creatures
  An ice beast (D:4)
  A jelly (D:4)
  A hound (D:4)
  2 orc priests (D:4)
  An iguana (D:4)
  2 orc wizards (D:4)
  3 gnolls (D:2)
  6 adders
  2 dart slugs
  2 ribbon worms (D:3)
  6 orcs
  5 bats
  6 endoplasms
  6 giant cockroaches
  8 goblins
  8 hobgoblins
  10 jackals
  4 quokkas
  9 ball pythons
  A frilled lizard (D:2)
  7 kobolds
  3 rats
94 creatures vanquished.

Notes
Turn   | Place    | Note
-------+----------+-------------------------------------------
     0 | D:1      | groovy9 the Minotaur Fighter began the quest for the Orb.
     0 | D:1      | Reached XP level 1. HP: 19/19 MP: 0/0
    69 | D:1      | Found a faded altar of an unknown god.
    83 | D:1      | Reached skill level 3 in Long Blades
   118 | D:1      | Reached XP level 2. HP: 25/27 MP: 1/1
   529 | D:1      | Reached XP level 3. HP: 33/33 MP: 2/2
   818 | D:2      | Reached skill level 4 in Long Blades
   888 | D:2      | Reached XP level 4. HP: 40/41 MP: 3/3
  1016 | D:2      | Found Coiziexe's Book Boutique.
  1487 | D:3      | Reached skill level 5 in Long Blades
  1550 | D:3      | Found Tatoby's Weapon Shop.
  1550 | D:3      | Found Kosozaq's Antique Armour Shop.
  1562 | D:3      | Reached skill level 5 in Fighting
  1562 | D:3      | Reached XP level 5. HP: 48/48 MP: 4/4
  1781 | D:3      | Found Mojyl's Jewellery Shoppe.
  1959 | D:4      | Reached skill level 6 in Long Blades
  1972 | D:4      | Reached XP level 6. HP: 28/56 MP: 5/5
  2503 | D:4      | Found a runed translucent door.
  2510 | D:4      | Noticed groovy9's ghost (amateur MiFi)
  2661 | D:4      | Noticed an ice beast
  2668 | D:4      | Reached skill level 7 in Long Blades
  2677 | D:4      | Killed an ice beast
  2876 | D:5      | Entered Level 5 of the Dungeon
  2884 | D:5      | Mangled by an ogre

Illustrated notes

Levels and vault maps discovered:
D:1:      nzn_arrival_crosshair, layout_loops_ring,
          hellmonk_ecumenical_altar_blasted, minmay_hedge_maze
D:2:      layout_loops_ring, serial_shops, shop
D:3:      layout_rooms, serial_shops, nicolae_shop_tiny_glass, shop, shop
D:4:      layout_basic, ebering_ghost_reflecting_pool, grunt_decor_arrowhead,
          nicolae_the_louvre
D:5:      wander_river, layout_cave_pods, zin_purify,
          minmay_temple_entry_glassed_door, serial_shops,
          nicolae_shop_bloodbath_and_beyond

Skill      XL: |  1  2  3  4  5  6 |
---------------+-------------------+-----
Long Blades    | 3 4 5 6 7 |  7.4
Fighting       | 4 5 6 |  6.2
Armour         | |  3.6
Shields        | |  3.6

Action                     |  1- 3 |  4- 6 || total
---------------------------+-------+-------++-------
  Melee: Long sword        |    95 |   178 ||   273
         Headbutt          |     9 |    32 ||    41
    Use: Potion            |       |     4 ||     4
         Scroll            |       |    11 ||    11
 Armour: Scale mail        |    90 |   114 ||   204
         Chain mail        |       |     3 ||     3
  Dodge: Dodged            |    47 |    74 ||   121
  Block: Buckler           |    24 |    30 ||    54
